 Dungeon Crawl Stone Soup version 0.28-a0-662-g1651b1f1e0 (webtiles) character file.

Game seed: 6318229125980002857

136 siradein the Distorting Demonspawn (level 4, -1/35 HPs)
             Began as a Demonspawn Abyssal Knight on Oct 14, 2021.
             Was a Believer of Lugonu.
             Slain by an orc priest (4 damage)
             ... on level 4 of the Dungeon.
             The game lasted 00:03:28 (2628 turns).

siradein the Distorting Demonspawn (DsAK)           Turns: 2628, Time: 00:03:29

Health: -1/35      AC:  5    Str: 13    XL:     4   Next: 98%
Magic:  6/6        EV:  9    Int: 12    God:    Lugonu [**....]
Gold:   60         SH:  7    Dex: 14    Spells: 3/3 levels left

rFire   . . .      SeeInvis .   a - +1 spear
rCold   . . .      Faith    +   q - +0 kite shield
rNeg    . . .      Spirit   .   b - +0 leather armour
rPois   .          Reflect  .   (no helmet)
rElec   .          Harm     .   (no cloak)
rCorr   .          Rampage  .   (no gloves)
Will    .....                   (no boots)
Stlth   +.........              i - amulet of faith
HPRegen 0.11/turn               (no ring)
MPRegen 0.10/turn               (no ring)

@: no status effects
A: thin metallic scales 1, weakness stinger 1
a: Renounce Religion, Depart the Abyss, Bend Space


You were on level 4 of the Dungeon.
You worshipped Lugonu.
Lugonu was pleased with you.
You visited 1 branch of the dungeon, and saw 5 of its levels.
You visited the Abyss 1 time.

You collected 60 gold pieces.

Inventory:

Hand Weapons
 a - a +1 spear (weapon)
Armour
 b - a +0 leather armour (worn)
 q - a +0 kite shield (worn)
Magical Staves
 l - a staff of conjuration
Jewellery
 g - an amulet of regeneration
 i - an amulet of faith (around neck)
 n - a ring of wizardry
Scrolls
 c - 4 scrolls of identify {unknown}
 h - a scroll of teleportation {unknown}
 j - a scroll of enchant weapon {unknown}
 k - a scroll of fog {unknown}
 p - 3 scrolls of immolation {unknown}
Potions
 d - a potion of flight {unknown}
 e - 2 potions of curing {unknown}
 f - 2 potions of lignification {unknown}
 m - a potion of heal wounds {unknown}
 o - a potion of might {unknown}
 r - a potion of haste {unknown}


   Skills:
 + Level 3.5 Fighting
 + Level 2.5 Polearms
 + Level 2.5 Armour
 + Level 1.9 Dodging
 + Level 1.0 Shields
 + Level 3.7 Invocations


You had 3 spell levels left.
You didn't know any spells.
Your spell library was empty.

Dungeon Overview and Level Annotations

Branches:
Dungeon (5/15)
 Temple: D:4-7

Altars:
Cheibriados

Shops:
D:4 *


Innate Abilities, Weirdness & Mutations

You are partially covered in thin metallic scales. (AC +2)
You have a small tail.


Message History

You closely miss the orc priest.
The orc priest is lightly wounded.
You block the orc priest's attack.
You don't know any spells.
Unknown command.
Okay, then.
You are too injured to fight recklessly!
Space bends around you!
You blink.
You hit the orc priest.
The orc priest is moderately wounded.
The orc priest barely misses you.
You closely miss the orc priest.
The orc priest is moderately wounded.
The orc priest hits you with a +0 mace.
* * * LOW HITPOINT WARNING * * *
You barely miss the orc priest.
The orc priest is moderately wounded.
The orc priest hits you but does no damage.
You closely miss the orc priest. You tail-slap the orc priest.
The orc priest is heavily wounded.
The orc priest hits you but does no damage.
You block the orc priest's attack.
You hit the orc priest.
The orc priest is heavily wounded.
The orc priest hits you but does no damage.
You hit the orc priest but do no damage.
The orc priest is heavily wounded.
The orc priest closely misses you.
You hit the orc priest. You tail-slap the orc priest.
The orc priest is severely wounded.
The orc priest misses you.
You hit the orc priest but do no damage.
The orc priest is severely wounded.
You block the orc priest's attack. The orc priest hits you with a +0 mace!
* * * LOW HITPOINT WARNING * * *
You closely miss the orc priest.
You tail-slap the orc priest, but do no damage.
The orc priest is severely wounded.
The orc priest hits you with a +0 mace.
You die...

###.### ## #.#
#.....# #. ###.#
#†....# #. #....
#.>...# # #.#.#.#
#.....# #.#.#.#
#.....# # #.#.#.#
####### #. #.#.#.#
#. #).@..# #### ####
## #.o...###.. ..#
#.#.#...#.# #.#
#.#.....#.#####.####
#.###...............
#.###.###.#####.####
#.....# #.# #.#
####### #.. ..# ####
####


You could see an orc priest.

Vanquished Creatures
  A jelly (D:4)
  4 gnolls
  2 adders (D:4)
  A dart slug (D:4)
  2 orcs (D:4)
  2 ball pythons
  A bat (D:2)
  5 endoplasms
  2 giant cockroaches
  3 goblins (D:2)
  5 hobgoblins
  8 kobolds
  2 quokkas
  4 frilled lizards
  3 rats
45 creatures vanquished.

Notes
Turn   | Place    | Note
-------+----------+-------------------------------------------
     0 | Abyss:1  | siradein the Demonspawn Abyssal Knight began the quest for
                  | the Orb.
     0 | Abyss:1  | Reached XP level 1. HP: 18/18 MP: 2/2
    82 | Abyss:1  | Found a stormy altar of Qazlal.
    95 | D:1      | Escaped the Abyss
   129 | D:1      | Found a faded altar of an unknown god.
   225 | D:1      | Reached skill level 1 in Dodging
   440 | D:1      | Gained mutation: You have a small tail. [demonic ancestry]
   440 | D:1      | Reached XP level 2. HP: 24/24 MP: 4/4
  1151 | D:2      | Reached ** piety under Lugonu
  1564 | D:2      | Gained mutation: You are partially covered in thin metallic
                  | scales. (AC +2) [demonic ancestry]
  1564 | D:2      | Reached XP level 3. HP: 29/29 MP: 5/5
  2044 | D:2      | Found a snail-covered altar of Cheibriados.
  2322 | D:2      | Reached XP level 4. HP: 25/35 MP: 6/6
  2480 | D:3      | You fall into a shaft and drop 2 floors!
  2480 | D:5      | Entered Level 5 of the Dungeon
  2481 | D:5      | Noticed an ogre
  2547 | D:4      | Found Reameh's Lightly-Used Armoury.
  2596 | D:4      | Reached skill level 1 in Shields
  2628 | D:4      | Slain by an orc priest

Illustrated notes

Levels and vault maps discovered:
D:1:      mushboom_english_gardens, layout_loops_ring,
          dreamdust_ecumenical_altar_hidden_monk_grotto
D:2:      layout_basic, basic_altar
D:3:      layout_basic, uniq_robin
D:4:      layout_loops_cross, portal_sewer_entry_a, minmay_shop_damaged,
          minmay_misc_feat_x, small_statue_alley_b
D:5:      layout_rooms, minmay_temple_entry_gardened_gates

Skill      XL: |  1  2  3  4 |
---------------+-------------+-----
Dodging        | 1 |  1.9
Armour         | 2 |  2.5
Polearms       | 2 |  2.5
Invocations    | 3 |  3.7
Shields        | 1 |  1.0
Fighting       | |  3.5

Action                   |  1- 3 |  4- 6 || total
-------------------------+-------+-------++-------
Melee: Spear             |   118 |    52 ||   170
       Tailslap          |     7 |     7 ||    14
Invok: Bend Space        |       |     1 ||     1
 Stab: Sleeping          |     1 |       ||     1
Armor: Leather armour    |    20 |    16 ||    36
Dodge: Dodged            |    51 |    17 ||    68
Block: Kite shield       |    12 |    18 ||    30

Table legend: (Time is in decaauts)
 A = Elapsed time spent in this place.
 B = Non-inter-level travel time spent in this place.
 C = Inter-level travel time spent in this place.
 D = Time resting spent in this place.
 E = Time spent auto-exploring this place.
 F = Levels seen in this place.
 G = Mean time per level.
                   A        B        C        D        E       F      G
               +--------+--------+--------+--------+--------+-----+--------+
         Total |   2652 |   2494 |    158 |      9 |   1995 |   6 |  442.0 |
       Dungeon |   2557 |   2399 |    158 |      9 |   1912 |   5 |  511.4 |
         Abyss |     95 |     95 |      0 |      0 |     83 |   1 |   95.0 |
               +--------+--------+--------+--------+--------+-----+--------+

Top non-repeatable levels by time:
     D:2: 1088 daAuts
     D:1: 1051 daAuts
     D:3: 258 daAuts
     D:4: 133 daAuts
 Abyss:1: 95 daAuts
     D:5: 25 daAuts
